[Event "*** Titled Tuesday Blitz"]
[Site "Chess.com"]
[Date "2020.03.03"]
[Round "6"]
[White "Entilza"]
[Black "isla88"]
[Result "0-1"]
[WhiteElo "2478"]
[BlackElo "2330"]
[TimeControl "180+1"]
[EndTime "14:02:17 PST"]
[Termination "isla88 won by checkmate"]

1. d4 Nf6 2. c4 d6 3. Nc3 Bf5 4. f3 e5 5. e4 exd4 6. Qxd4 Nc6 7. Qd2 Bg6 8. Nh3 h6 9. Nf4 Bh7 10. Be2 g5 11. Nfd5 Bg7 12. O-O Nxd5 13. cxd5 Ne7 14. b3 O-O 15. Bb2 f5 16. Bd3 c6 17. dxc6 bxc6 18.
Rfd1 Qb6+ 19. Kh1 fxe4 20. Bxe4 d5 21. Bxh7+ Kxh7 22. Na4 Qc7 23. Bxg7 Kxg7 24. Nc5 Qd6 25. Qe3 Nf5 26. Qf2 Rae8 27. Re1 d4 28. Ne4 Qg6 29. Rac1 Ne3 30. Qg3 Rf7 31. Nd6 Re6 32.
Nxf7 Qxf7 33. Qf2 Qe7 34. Qd2 c5 35. Rxc5 Qxc5 36. b4 Qc3 37. Qf2 Ng4 38. Rxe6 Nxf2+ 39. Kg1 Nd3 40. h4 Qc1+ 41. Kh2 Qf4+ 42. Kg1 Qc1+ 43.
Kh2 Nxb4 44. Re7+ Kf6 45. Rxa7 d3 46. Rb7 Nd5 47. Rd7 Ke6 48. Rd8 Qf4+ 49. g3 Qd2+ 50. Kh3 Ne3 51. hxg5 Qg2+ 52. Kh4 Qh2# 0-1

[Event "*** Titled Tuesday Blitz"]
[Site "Chess.com"]
[Date "2020.03.03"]
[Round "6"]
[White "HomayoonTofighi"]
[Black "GM_dmitrij"]
[Result "1-0"]
[WhiteElo "2637"]
[BlackElo "2816"]
[TimeControl "180+1"]
[EndTime "14:02:18 PST"]
[Termination "HomayoonTofighi won by resignation"]

1. e4 c5 2. Nf3 d6 3. Bb5+ Nd7 4. d4 cxd4 5. Qxd4 a6 6. Bxd7+ Bxd7 7. c4 e6 8. Nc3 Nf6 9. Bg5 Be7 10. O-O O-O 11.
Rfd1 Bc6 12. Qe3 Qa5 13. Bxf6 Bxf6 14. Rxd6 Bxc3 15. bxc3 Rac8 16. h3 h6 17. Qd4 Rfd8 18. c5 Bb5 19. Rd1 Re8 20. Rd2 Re7 21. Qb4 Qc7 22. Nd4 Be8 23. Nb3 Bc6 24. e5 Be8 25.
R2d4 Bc6 26. Rg4 Bd5 27. Qf4 Kf8 28. c4 Bc6 29. Nd4 Be8 30. Nxe6+ Rxe6 31. Rxe6 Bd7 32. Rxh6 gxh6 33. Qxh6+ Ke7 34. Qf6+ Kf8 35. Rh4 1-0

[Event "*** Titled Tuesday Blitz"]
[Site "Chess.com"]
[Date "2020.03.03"]
[Round "6"]
[White "GMsKoRPioN"]
[Black "Maili15"]
[Result "0-1"]
[WhiteElo "2484"]
[BlackElo "2341"]
[TimeControl "180+1"]
[EndTime "14:02:18 PST"]
[Termination "Maili15 won by checkmate"]

1. d4 d5 2. c4 e6 3. Nf3 dxc4 4. a4 Nf6 5. e3 a6 6. Bxc4 c5 7. O-O cxd4 8. exd4 Nc6 9. Nc3 Be7 10. Bf4 O-O 11. Rc1 Nb4 12. Qe2 Bd7 13. Ne5 Rc8 14. Bb3 Bc6 15. Nxc6 Rxc6 16. Rfd1 Qd7 17. a5 Qd8 18. d5 exd5 19. Bg5 Re6 20. Qf3 Qxa5 21. Bxf6 Rxf6 22. Qh5 Bc5 23. Nxd5 Nxd5 24. Bxd5 Bxf2+ 25. Kh1 Qb6 26. b3 g6 27. Qg5 Be3 28. Qh4 Bxc1 29.
Rxc1 Qe3 30. Rg1 Rf4 31. Qh6 Rd8 32. Bc4 Qxg1+ 33. Kxg1 Rd1+ 34. Bf1 Rdxf1# 0-1

[Event "*** Titled Tuesday Blitz"]
[Site "Chess.com"]
[Date "2020.03.03"]
[Round "6"]
[White "DACF2905"]
[Black "HajiyevKanan"]
[Result "0-1"]
[WhiteElo "2201"]
[BlackElo "2354"]
[TimeControl "180+1"]
[EndTime "14:02:19 PST"]
[Termination "HajiyevKanan won by resignation"]

1. c4 c6 2. g3 d5 3. cxd5 Nf6 4. dxc6 Nxc6 5. Bg2 e5 6. Nc3 Bc5 7. e3 O-O 8. Nge2 Nb4 9. d4 exd4 10. exd4 Bxd4 11.
Nxd4 Qxd4 12. Qxd4 Nc2+ 13. Kf1 Nxd4 14. Bg5 Be6 15.
Bxf6 gxf6 16. h3 Rac8 17. Kg1 b5 18. Kh2 b4 19. Ne4 f5 20. Ng5 h6 21. Nxe6 fxe6 22. Rhd1 Rfd8 23. Rac1 e5 24. Rxc8 Rxc8 25. f4 Rc2 26.
fxe5 Nf3+ 27. Kh1 Nxe5 28. Re1 Nd3 29. Re7 a5 30. Ra7 Nf2+ 31. Kg1 Rxb2 32. Rxa5 Nd1 33. Rxf5 Rxg2+ 34. Kxg2 Ne3+ 35. Kf3 Nxf5 36. g4 Nd6 37. Ke3 Nb5 38. Kd3 Nc3 39. Kc4 Nxa2 40. Kb3 Nc3 41. Kxb4 Nd1 42. h4 Ne3 43. g5 h5 44. Kc5 Kg7 45. Kd4 Nf5+ 46. Ke5 Nxh4 47. Kf4 Kg6 48. Kg3 Nf5+ 49. Kf4 Ng7 50. Kg3 Kxg5 51. Kh3 h4 52.
Kh2 Kg4 53. Kg2 h3+ 54. Kh2 Kh4 55. Kh1 Kg3 56. Kg1 Nf5 57. Kh1 Nh4 58. Kg1 Ng6 59. Kh1 Nf4 60. Kg1 Nd3 61. Kh1 Nf2+ 62. Kg1 h2+ 0-1

[Event "*** Titled Tuesday Blitz"]
[Site "Chess.com"]
[Date "2020.03.03"]
[Round "6"]
[White "Darhild"]
[Black "Orest_Vovk"]
[Result "1-0"]
[WhiteElo "2689"]
[BlackElo "2531"]
[TimeControl "180+1"]
[EndTime "14:02:20 PST"]
[Termination "Darhild won on time"]

1. Nf3 Nf6 2. g3 g6 3. Bg2 Bg7 4. O-O O-O 5. d4 d5 6. c4 c6 7. Qb3 Qb6 8. Nc3 Na6 9. cxd5 cxd5 10. Nxd5 Nxd5 11. Qxd5 Nb4 12. Qc5 Bf5 13. Bd2 Nc2 14. Rac1 Nxd4 15. Nxd4 Qxc5 16. Rxc5 Bxd4 17. Rc7 Bxb2 18.
Rxe7 Rad8 19. Bg5 Rde8 20. Rxb7 Rxe2 21. Bf3 Rc2 22. Bd1 Be4 23. Rb4 Rc5 24. Be7 Bd3 25. Bxc5 Rc8 26. Rxb2 Bxf1 27. Kxf1 Rxc5 28. Bb3 Rc1+ 29.
Ke2 Kg7 30. Rc2 1-0

[Event "*** Titled Tuesday Blitz"]
[Site "Chess.com"]
[Date "2020.03.03"]
[Round "6"]
[White "Mikasinski"]
[Black "JoakimVonAnd"]
[Result "0-1"]
[WhiteElo "2274"]
[BlackElo "2528"]
[TimeControl "180+1"]
[EndTime "14:02:20 PST"]
[Termination "JoakimVonAnd won on time"]

1. e4 c6 2. d4 d5 3. e5 Bf5 4.
h4 h5 5. Bg5 Qb6 6. Bd3 Bxd3 7.
Qxd3 Qa6 8. Qxa6 Nxa6 9. c3 e6 10. Ne2 c5 11. Nd2 Ne7 12. Bxe7 Bxe7 13. g3 cxd4 14.
cxd4 Nb4 15. O-O Kd7 16. a3 Nd3 17. Nc3 b6 18. Rfb1 Rhc8 19. Nd1 Rc2 20. Nf1 Rac8 21. Nfe3 Rd2 22. b4 g5 23. hxg5 Bxg5 24. Nf1 Re2 25. Rb3 Nc1 26. Rf3 Ke7 27. Nc3 Re1 28. Kg2 h4 29.
gxh4 Bxh4 30. Nd2 Nd3 31. Rxd3 Rxa1 32. Nb5 Rc2 33. Kh3 Bxf2 34. Nd6 Rd1 35. Rf3 Rdxd2 36. Rxf7+ Kd8 37. Nb7+ Kc8 38. Nd6+ Kb8 39. Rf8+ Kc7 0-1

[Event "*** Titled Tuesday Blitz"]
[Site "Chess.com"]
[Date "2020.03.03"]
[Round "6"]
[White "mrkvoz"]
[Black "praveenb2002"]
[Result "0-1"]
[WhiteElo "2797"]
[BlackElo "2662"]
[TimeControl "180+1"]
[EndTime "14:02:21 PST"]
[Termination "praveenb2002 won on time"]

1. e4 c5 2. Nf3 d6 3. Bb5+ Nd7 4.
a4 Nf6 5. Nc3 e6 6. d4 cxd4 7.
Qxd4 Be7 8. O-O O-O 9. Rd1 a6 10. Be2 b6 11. Nd2 Bb7 12. Nc4 d5 13. exd5 Nxd5 14.
Nxd5 Bxd5 15. Ne3 Bc6 16. Nc4 Qc7 17. Bf4 Qb7 18. Bf1 Nc5 19. Nd6 Qa7 20. b3 Rad8 21. Qe3 Bf6 22. Rab1 Rd7 23. Nc4 Rd5 24. a5 bxa5 25. Nxa5 Qb6 26. Nc4 Qb4 27. Bd6 Rc8 28. c3 Bxc3 29. Rbc1 Rxd1 30. Rxd1 Bd5 31. Bxc5 Rxc5 32.
Qf4 Qxb3 33. Qd6 Rc8 34. Nb6 Rf8 35. Rd3 Be4 0-1

[Event "*** Titled Tuesday Blitz"]
[Site "Chess.com"]
[Date "2020.03.03"]
[Round "6"]
[White "AlleyOoper"]
[Black "Man-Chuk"]
[Result "1-0"]
[WhiteElo "2641"]
[BlackElo "2774"]
[TimeControl "180+1"]
[EndTime "14:02:24 PST"]
[Termination "AlleyOoper won by resignation"]

1. d4 Nf6 2. Bf4 g6 3. Nc3 d5 4. e3 Bg7 5. h4 a6 6. Nf3 c5 7.
Ne5 Nc6 8. Qd2 e6 9. f3 Nh5 10. Nxc6 bxc6 11. Be5 Bxe5 12. dxe5 Ng3 13. Rh3 Nxf1 14.
Kxf1 a5 15. Kg1 Ba6 16. Na4 c4 17. Nc5 Bc8 18. h5 g5 19. h6 Rb8 20. Qd4 Rb5 21. Rg3 Rg8 22. Rf1 Rg6 23. f4 g4 24. f5 exf5 25. e6 Bxe6 26. Nxe6 Rxe6 27. Rxf5 Qh4 28. Qh8+ Ke7 29. Qg7 Qxg3 30. Rxf7+ Kd8 31. Qg5+ 1-0

[Event "*** Titled Tuesday Blitz"]
[Site "Chess.com"]
[Date "2020.03.03"]
[Round "6"]
[White "MartinMatthiesen"]
[Black "Rsnr"]
[Result "0-1"]
[WhiteElo "2590"]
[BlackElo "2805"]
[TimeControl "180+1"]
[EndTime "14:02:24 PST"]
[Termination "Rsnr won on time"]

1. d4 Nf6 2. c4 e6 3. Nf3 d5 4. Nc3 Bb4 5. e3 O-O 6. Bd3 c5 7. O-O dxc4 8. Bxc4 Nc6 9. dxc5 Bxc5 10. Qe2 e5 11. Rd1 Qe7 12. Nd5 Nxd5 13. Bxd5 e4 14. Nd4 Nb4 15. Bc4 Qg5 16. Qf1 Bg4 17. a3 Bxd1 18.
axb4 Bxd4 19. exd4 Qh5 20. Ra5 Qg6 21. Qxd1 Qb6 22.
Qb3 Qxd4 23. Be3 Qd7 24. Rg5 Rad8 25. h3 Qd1+ 26. Kh2 Qxb3 27. Bxb3 a6 28. Bc5 Rfe8 29. Rf5 Rd7 30. b5 g6 31. Rg5 Rd2 32. bxa6 bxa6 33.
Ba3 Rxf2 34. Kg1 e3 35. Bb4 Rxb2 0-1

[Event "*** Titled Tuesday Blitz"]
[Site "Chess.com"]
[Date "2020.03.03"]
[Round "6"]
[White "farzadbfd"]
[Black "cherryandmint"]
[Result "1-0"]
[WhiteElo "2635"]
[BlackElo "2837"]
[TimeControl "180+1"]
[EndTime "14:02:25 PST"]
[Termination "farzadbfd won on time"]

1. Nf3 d5 2. b3 Nf6 3. Bb2 e6 4. e3 Be7 5. Be2 O-O 6. O-O c5 7.
c4 Nc6 8. cxd5 Nxd5 9. d4 b6 10. Nbd2 Bb7 11. Ne4 cxd4 12. Nxd4 Nxe3 13. fxe3 Nxd4 14.
Bd3 Nf5 15. Qe2 Rc8 16. Rad1 Qc7 17. Rc1 Qb8 18. Qg4 Rxc1 19. Rxc1 Rd8 20. Qe2 Qa8 21.
Ng3 Nxg3 22. hxg3 g6 23. e4 Bc5+ 24. Kh2 Bd4 25. Bxd4 Rxd4 26. Rc7 Qd8 27. Rxb7 Rxd3 28. Rxa7 Rc3 29. Qf2 f6 30. Qf4 e5 31. Qh6 Rc7 32. Ra4 Rc2 33. Ra7 Rc7 34. Ra4 Rd7 35. Rc4 Qf8 36. Qc1 Qf7 37. Rc6 Rb7 38. Qh6 b5 39.
Rc8+ 1-0

[Event "*** Titled Tuesday Blitz"]
[Site "Chess.com"]
[Date "2020.03.03"]
[Round "6"]
[White "LogoCzar"]
[Black "dlp300"]
[Result "1-0"]
[WhiteElo "2506"]
[BlackElo "2649"]
[TimeControl "180+1"]
[EndTime "14:02:25 PST"]
[Termination "LogoCzar won by resignation"]

1. e4 e5 2. Nf3 Nc6 3. Bb5 a6 4. Ba4 Nf6 5. O-O Be7 6. Re1 b5 7. Bb3 d6 8. c3 O-O 9. h3 Nb8 10. d4 Nbd7 11. Nbd2 Bb7 12. Bc2 Re8 13. Nf1 Bf8 14.
Ng3 g6 15. a4 c6 16. Bg5 h6 17.
Be3 Bg7 18. Qd2 Kh7 19. Nh2 d5 20. exd5 Nxd5 21. Nh5 Nxe3 22. Rxe3 Bh8 23. Rf3 f5 24.
Bxf5 gxf5 25. Rxf5 Nf6 26. Ng4 Nxg4 27. hxg4 Re7 28. g5 Qd7 29. Rf6 Qg4 30. Rxh6+ Kg8 31. Qc2 e4 32. Qb3+ Rf7 33. Rxh8+ Kxh8 34. Qxf7 Rg8 35.
Qxg8+ Kxg8 36. Nf6+ 1-0

[Event "*** Titled Tuesday Blitz"]
[Site "Chess.com"]
[Date "2020.03.03"]
[Round "6"]
[White "BeanScreen"]
[Black "Godzillator"]
[Result "1/2-1/2"]
[WhiteElo "2644"]
[BlackElo "2417"]
[TimeControl "180+1"]
[EndTime "14:02:26 PST"]
[Termination "Game drawn by repetition"]

1. e4 c6 2. d4 d5 3. exd5 cxd5 4. Bd3 Nc6 5. c3 Nf6 6. Bf4 Bg4 7. Qb3 Qc8 8. Nd2 e6 9. Ngf3 Be7 10. O-O Bh5 11.
Ne5 Nxe5 12. dxe5 Nd7 13. c4 d4 14. Ne4 O-O 15. Qc2 Bg6 16. Rac1 Nc5 17. Nxc5 Qxc5 18.
Bxg6 hxg6 19. Rfd1 Rfd8 20. Qe4 Rd7 21. Rd3 Rad8 22.
a3 a5 23. Bd2 Qb6 24. b4 axb4 25. axb4 Qc6 26. Qxc6 bxc6 27. c5 Rd5 28. f4 g5 29.
g3 gxf4 30. gxf4 g5 31. fxg5 Rxe5 32. h4 Re4 33. Be1 Rb8 34. Kg2 e5 35. Rb3 Rb5 36.
Bg3 f5 37. gxf6 Bxf6 38. Kf3 Re3+ 39. Rxe3 dxe3 40. Rc4 Kf7 41. Kxe3 Ke6 42. Ke4 Rb8 43. Be1 Rh8 44. Rc2 Bxh4 45. Rh2 Bf6 46. Rd2 Be7 47.
Bg3 Rg8 48. Bxe5 Rg4+ 49. Bf4 Bg5 50. Rd6+ Ke7 51. Kf5 Rxf4+ 52. Kxg5 Rxb4 53. Rxc6 Kd7 54. Rd6+ Kc7 55. Kf5 Rb1 56. Ke5 Rc1 57. Kd5 Rd1+ 58. Ke6 Re1+ 59. Kd5 Rd1+ 60. Ke6 Re1+ 61. Kd5 Rd1+ 1/2-1/2

[Event "*** Titled Tuesday Blitz"]
[Site "Chess.com"]
[Date "2020.03.03"]
[Round "6"]
[White "superstructure"]
[Black "arjwezhrtdrz"]
[Result "1-0"]
[WhiteElo "2427"]
[BlackElo "2140"]
[TimeControl "180+1"]
[EndTime "14:02:26 PST"]
[Termination "superstructure won by resignation"]

1. Nf3 d6 2. d4 c6 3. e4 Nf6 4. Bd3 Bg4 5. Nbd2 Nbd7 6. h3 Bxf3 7. Nxf3 e5 8. O-O Be7 9. b3 O-O 10. Bb2 Qc7 11. c4 a5 12. a3 Rfe8 13. Re1 Rad8 14.
Rc1 exd4 15. Nxd4 Ne5 16. Bb1 Bf8 17. f4 Ng6 18. Qf3 a4 19. b4 Nh4 20. Qg3 Ng6 21. Nf5 Nh5 22. Qc3 Nhxf4 23. Nxg7 Ne5 24. Nxe8 Rxe8 25.
Qg3+ Nfg6 26. Rf1 Bg7 27. Rf2 Qe7 28. c5 Bf6 29. Qe3 Bg5 30. Qc3 Bxc1 31. Qxc1 dxc5 32.
bxc5 Rd8 33. Ba2 Kg7 34. Rxf7+ Qxf7 35. Bxf7 Kxf7 36. Bxe5 Nxe5 37. Qf4+ Ke6 38. Qf5+ 1-0

[Event "*** Titled Tuesday Blitz"]
[Site "Chess.com"]
[Date "2020.03.03"]
[Round "6"]
[White "Dale"]
[Black "MartinCerveny"]
[Result "0-1"]
[WhiteElo "1943"]
[BlackElo "2622"]
[TimeControl "180+1"]
[EndTime "14:02:27 PST"]
[Termination "MartinCerveny won by checkmate"]

1. c3 Nf6 2. d3 g6 3. Nf3 Bg7 4. Nbd2 O-O 5. Qc2 d6 6. e4 c5 7. Be2 Nc6 8. O-O Rb8 9. a4 a6 10.
Rd1 b5 11. axb5 axb5 12. h3 b4 13. d4 bxc3 14. bxc3 cxd4 15. cxd4 Nb4 16. Qa4 Bd7 17. Qa7 Ra8 18. Qxa8 Qxa8 19. Rxa8 Rxa8 20. Bc4 e6 21.
Nf1 Nxe4 22. Bf4 d5 23. Bb3 Ra3 24. Rb1 Nc3 25. Rb2 Nd3 26. Bd6 Ra1 27. Rc2 Nc1 28.
N3d2 N1e2+ 29. Kh2 Bxd4 30. h4 h5 31. g4 hxg4 32.
h5 gxh5 33. Ne3 f5 34. Ng2 Rc1 35. Rb2 Ne4 36. Nxe4 Bxb2 37. Nf6+ Kf7 38. Nxd7 Bf6 39. Ne5+ Bxe5+ 40. Bxe5 Rb1 41. Ba4 Rb4 42. Bc6 f4 43.
Nh4 Re4 44. Bb2 Rc4 45. Bd7 Rc2 46. Be5 d4 47. Ba4 d3 48. Bxc2 dxc2 49. Bb2 c1=Q 50. Bxc1 Nxc1 51. Ng2 e5 52. Ne1 Kf6 53. Kg2 e4 54.
Nc2 Ke5 55. Ne1 Ne2 56. Kh1 Nd4 57. Ng2 Kf5 58. Nh4+ Kg5 59. Ng2 h4 60. Kh2 h3 61. Ne1 Kf5 62. Kh1 Ke5 63. Nf3+ exf3 64. Kh2 Ke4 65. Kh1 Kd3 66. Kh2 Ke2 67. Kg1 g3 68.
fxg3 fxg3 69. Kh1 g2+ 70. Kg1 h2+ 71. Kxh2 Kf2 72. Kh3 g1=Q 73. Kh4 Qg6 74. Kh3 Qg3# 0-1

[Event "*** Titled Tuesday Blitz"]
[Site "Chess.com"]
[Date "2020.03.03"]
[Round "6"]
[White "DonPreuss"]
[Black "Mikhail_Golubev"]
[Result "1-0"]
[WhiteElo "2218"]
[BlackElo "2492"]
[TimeControl "180+1"]
[EndTime "14:02:27 PST"]
[Termination "DonPreuss won on time"]

1. Nc3 g6 2. e4 Bg7 3. f4 c5 4.
Nf3 Nc6 5. d3 d6 6. Be2 e6 7.
O-O Nge7 8. Qe1 b6 9. Qh4 Bb7 10. f5 exf5 11. Bg5 h6 12. Bf6 g5 13. Bxe7 Qxe7 14.
Qh5 Nd4 15. Nxd4 Bxd4+ 16. Kh1 f4 17. Bg4 Qf6 18. Nd5 Bxd5 19. exd5 O-O 20. c3 Be3 21. Rae1 Qg6 22. Qh3 f5 23. Bh5 Qf6 24. g4 fxg4 25. Bxg4 Qg7 26. Be6+ Kh8 27. Qh5 Rf6 28. Rf3 Raf8 29.
Re2 a6 30. Rh3 Qg6 31. Qg4 Kg7 32. Rh5 f3 33. Re1 f2 34. Rf1 Rf3 35. Rh3 R8f4 36. Qxf3 Rxf3 37. Rxf3 Qxd3 38. Kg2 Qe2 39. Bg4 Qd2 40.
h3 Qxd5 41. h4 1-0

[Event "*** Titled Tuesday Blitz"]
[Site "Chess.com"]
[Date "2020.03.03"]
[Round "6"]
[White "Alopekos"]
[Black "MateusViageiro"]
[Result "1-0"]
[WhiteElo "2429"]
[BlackElo "2201"]
[TimeControl "180+1"]
[EndTime "14:02:28 PST"]
[Termination "Alopekos won by resignation"]

1. e4 c5 2. Nc3 d6 3. Nge2 Nf6 4. d4 cxd4 5. Nxd4 a6 6. Be3 e5 7. Nb3 Be6 8. f4 exf4 9. Bxf4 Nc6 10. Qd2 d5 11.
O-O-O dxe4 12. Qe3 Qc8 13. Nxe4 Nxe4 14. Qxe4 Be7 15.
Bd3 Nb4 16. Nd4 Nxd3+ 17. Rxd3 O-O 18. Re1 Bb4 19. Nxe6 fxe6 20. Qxb4 a5 21. Qe4 Ra6 22. Rd6 Rxd6 23. Bxd6 Re8 24. Be5 b5 25. Rd1 a4 26.
a3 Rd8 27. Rxd8+ Qxd8 28. Qg4 Qd7 29. Qd4 Qe7 30. h4 h6 31. Kd2 Qf7 32. Ke2 Qh5+ 33. Kd2 Qg6 34. Qd8+ Kh7 35. Qd3 Qf5 36. g4 Qg6 37. h5 Qxd3+ 38. Kxd3 g6 39. Kd4 gxh5 40. gxh5 Kg8 41. Bf4 Kg7 42. Ke5 1-0

[Event "*** Titled Tuesday Blitz"]
[Site "Chess.com"]
[Date "2020.03.03"]
[Round "6"]
[White "vugarrasulov"]
[Black "Firouzja2003"]
[Result "1-0"]
[WhiteElo "2910"]
[BlackElo "3059"]
[TimeControl "180+1"]
[EndTime "14:02:29 PST"]
[Termination "vugarrasulov won on time"]

1. Nf3 h5 2. c4 g6 3. Nc3 Bg7 4. d4 d6 5. h3 Nc6 6. e4 e5 7.
Bg5 f6 8. Be3 Bh6 9. Qd2 Bxe3 10. Qxe3 Nge7 11. O-O-O exd4 12. Nxd4 Nxd4 13. Rxd4 Nc6 14.
Rd2 b6 15. Qg3 Kf7 16. f4 h4 17. Qf2 Kg7 18. Be2 Be6 19. Nd5 Bf7 20. Bf3 Na5 21. Qd4 c6 22. Ne3 Nb7 23. e5 dxe5 24. fxe5 Qxd4 25.
Rxd4 fxe5 26. Rd2 Nc5 27. Bxc6 Rac8 28. Bd5 Rhf8 29. b3 Bxd5 30. Nxd5 b5 31. Ne3 bxc4 32. Nxc4 e4 33. Kb2 Nd3+ 34. Kc3 Rf2 35. Rxf2 Nxf2 36. Re1 Rd8 37. Re2 Rf8 38. Kd4 Rd8+ 39. Kc3 Rf8 40. Nd6 Rf4 41. Kd4 Rf8 42. Nxe4 Rd8+ 43.
Kc4 Nd3 44. Nc5 Nxc5 45. Kxc5 Rd7 46. Kc6 Rf7 47. b4 Kh6 48. b5 Kh5 49. a4 1-0

[Event "*** Titled Tuesday Blitz"]
[Site "Chess.com"]
[Date "2020.03.03"]
[Round "6"]
[White "GMKrikor"]
[Black "Willychess95"]
[Result "0-1"]
[WhiteElo "2803"]
[BlackElo "2630"]
[TimeControl "180+1"]
[EndTime "14:02:31 PST"]
[Termination "Willychess95 won by resignation"]

1. Nf3 c5 2. c4 Nf6 3. Nc3 d5 4.
cxd5 Nxd5 5. e3 Nc6 6. Bb5 Nxc3 7. dxc3 Qxd1+ 8. Kxd1 Bd7 9. e4 a6 10. Bd3 e5 11. a4 f6 12. a5 Be6 13. Nd2 O-O-O 14. Kc2 Bd6 15. Nc4 Bc7 16. Be3 Rxd3 17. Kxd3 Rd8+ 18. Kc2 Bxc4 19. Rhd1 Rxd1 20. Rxd1 Nxa5 21.
Rh1 b6 22. h4 Be2 23. f3 c4 24. h5 Bd3+ 25. Kd1 Nb7 26. Rh3 Nd8 27. Rg3 Ne6 28. h6 g5 29. Rh3 b5 30. Kd2 Kd7 31. Rh1 Kc6 32. Ra1 a5 33. b4 a4 34. Rh1 Kd7 35.
Ra1 Ke8 36. Rh1 Kf7 37. g3 Kg6 38. g4 Bd6 39. Kc1 Bf8 40. Kb2 Bxh6 41. Bb6 Bf8 42.
Ba7 Nf4 43. Bb6 Be2 0-1

[Event "*** Titled Tuesday Blitz"]
[Site "Chess.com"]
[Date "2020.03.03"]
[Round "6"]
[White "SahajGrover"]
[Black "pedromartinez91"]
[Result "1-0"]
[WhiteElo "2723"]
[BlackElo "2554"]
[TimeControl "180+1"]
[EndTime "14:02:32 PST"]
[Termination "SahajGrover won on time"]

1. e4 e6 2. d4 d5 3. Nc3 Nf6 4.
exd5 exd5 5. Bd3 Nc6 6. Nge2 Nb4 7. Bb5+ c6 8. Ba4 a5 9. a3 Na6 10. O-O Be7 11. Ng3 O-O 12. Nce2 b5 13. Bb3 a4 14.
Ba2 b4 15. axb4 Nxb4 16. Bb1 c5 17. c3 Nc6 18. Rxa4 Rxa4 19. Qxa4 Bd7 20. dxc5 Bxc5 21. Qc2 Re8 22. Bg5 g6 23. Nf4 Re5 24. Bxf6 Qxf6 25. Nd3 Bb6 26. Nxe5 Nxe5 27. Qd2 Bb5 28. Re1 Ng4 29. Nh1 d4 30. cxd4 Bxd4 31. Re4 Qd6 32. Qf4 Bxf2+ 33. Nxf2 1-0

[Event "*** Titled Tuesday Blitz"]
[Site "Chess.com"]
[Date "2020.03.03"]
[Round "6"]
[White "MatthewG-p4p"]
[Black "Atanejhad"]
[Result "1-0"]
[WhiteElo "2785"]
[BlackElo "2584"]
[TimeControl "180+1"]
[EndTime "14:02:33 PST"]
[Termination "MatthewG-p4p won on time"]

1. f4 g6 2. Nf3 d5 3. g3 Bg7 4. Bg2 Nh6 5. O-O O-O 6. d3 c5 7. e4 dxe4 8. dxe4 Nc6 9. c3 Be6 10. Qe2 a6 11. Rd1 Qc8 12. Be3 b6 13. Kh1 Bg4 14. Nbd2 e5 15. Qf1 exf4 16. Bxf4 Re8 17. h3 Be6 18. Ng5 Ne5 19. Nxe6 Qxe6 20. Nf3 Nxf3 21.
Qxf3 Rad8 22. Bg5 f6 23. Bf4 Nf7 24. Qe2 b5 25. Qf2 c4 26. Rd5 g5 27. Bd2 Ne5 28. b3 Nd3 29. Qa7 Rxd5 30. exd5 Qe2 31. Qd7 Bf8 32. bxc4 bxc4 33. d6 Re5 34. Qc8 Nf2+ 35. Kg1 Qxd2 36. d7 Nxh3+ 37. Bxh3 Qe3+ 38. Kh2 Qd2+ 39. Bg2 Re2 40. Qxc4+ Kg7 41. Qxe2 Qxe2 42. d8=Q h5 43.
Qd7+ Be7 44. Qd1 Qe5 45. Qxh5 Bd6 46. Qf3 f5 47. Rd1 1-0

[Event "*** Titled Tuesday Blitz"]
[Site "Chess.com"]
[Date "2020.03.03"]
[Round "6"]
[White "Tjktiger"]
[Black "Sibelephant"]
[Result "0-1"]
[WhiteElo "2818"]
[BlackElo "3032"]
[TimeControl "180+1"]
[EndTime "14:02:37 PST"]
[Termination "Sibelephant won by resignation"]

1. d4 Nf6 2. c4 c6 3. Nc3 d5 4.
cxd5 cxd5 5. Bf4 Nc6 6. e3 a6 7. Be2 Bf5 8. Nf3 e6 9. Qb3 Bd6 10. Bxd6 Qxd6 11. Qxb7 O-O 12. Qb3 Rfc8 13. Rc1 Rab8 14.
Qa3 Qxa3 15. bxa3 Nxd4 16. Nxd4 Ne4 17. Bxa6 Rxc3 18. O-O Rxa3 19. Nxf5 Rxa6 20. Ng3 Nd2 21. Rfd1 Rxa2 22. Nf1 Ne4 23. f3 Nf6 24. Rd2 Ra3 25.
Kf2 g5 26. g4 Kg7 27. Rc7 h5 28. h3 Ra1 29. Ng3 h4 30. Ne2 Rbb1 31. Kg2 Ne8 32. Rd7 Ra3 33. Kf2 Rbb3 34. Nd4 Rxe3 35. Rb2 Red3 36.
Nxe6+ Kf6 37. Nd8 Rxf3+ 38. Kg1 Rg3+ 39. Kf1 Raf3+ 40. Rf2 Rxf2+ 41. Kxf2 Rxh3 42. Rxf7+ Kg6 43. Re7 Nf6 44. Re6 Rg3 45. Nc6 Kf7 46. Re7+ Kf8 47.
Re6 Nxg4+ 48. Kf1 h3 0-1

[Event "*** Titled Tuesday Blitz"]
[Site "Chess.com"]
[Date "2020.03.03"]
[Round "6"]
[White "IgorBjelobrk"]
[Black "PowerThinking2650"]
[Result "1-0"]
[WhiteElo "2698"]
[BlackElo "2391"]
[TimeControl "180+1"]
[EndTime "14:02:39 PST"]
[Termination "IgorBjelobrk won on time"]

1. d4 Nf6 2. c4 g6 3. Nc3 Bg7 4.
e4 d6 5. Nf3 O-O 6. h3 e5 7. d5 a5 8. Be3 Na6 9. g4 c6 10. Nd2 Nc5 11. Be2 a4 12. g5 Nfd7 13. a3 f5 14. h4 f4 15. Bxc5 Nxc5 16. Kf1 Qb6 17. Rb1 Bd7 18. Bf3 Nd3 19. Qe2 Qd4 20.
Kg2 b5 21. dxc6 Bxc6 22. cxb5 Bb7 23. Rhd1 d5 24. exd5 Nxb2 25. Rxb2 Qxc3 26. Ne4 Qxa3 27. d6 Rad8 28. d7 Ba8 29. Rbd2 Qb4 30. Rd6 Rf7 31. b6 Bf8 32. Nf6+ Kg7 33. Re6 Bxf3+ 34. Qxf3 Qb3 35. Re8 Qxb6 36. Rxe5 Bd6 37. Re6 Qb3 38. Rexd6 Qxf3+ 39. Kxf3 a3 40. Ra1 a2 41. Rxa2 Re7 42. Rc2 1-0

[Event "*** Titled Tuesday Blitz"]
[Site "Chess.com"]
[Date "2020.03.03"]
[Round "6"]
[White "GameOverBro"]
[Black "guillembaches"]
[Result "0-1"]
[WhiteElo "2563"]
[BlackElo "2435"]
[TimeControl "180+1"]
[EndTime "14:02:41 PST"]
[Termination "guillembaches won by resignation"]

1. e4 c5 2. Ne2 d6 3. g3 Nf6 4.
Bg2 e5 5. c3 Be7 6. d4 Nbd7 7.
O-O O-O 8. h3 Re8 9. Be3 b6 10.
Nd2 exd4 11. cxd4 Bf8 12. Nc3 Bb7 13. d5 a6 14. a4 Ne5 15. Qc2 Rc8 16. f4 Ng6 17. Nc4 Nd7 18. Rfe1 h5 19. Bf3 h4 20.
g4 Be7 21. Kg2 Qc7 22. Qd2 Bf6 23. g5 Bxc3 24. bxc3 b5 25. axb5 axb5 26. Na5 Ra8 27. Nxb7 Qxb7 28. Rxa8 Qxa8 29. Bg4 Nb6 30. Bf5 Nc4 31.
Qf2 Qa3 32. Bd7 Rxe4 33. Bxb5 Nxe3+ 34. Rxe3 Nxf4+ 35. Kf3 Rxe3+ 36. Qxe3 Ng6 37. Be8 Ne5+ 38. Kg2 Qa8 39. Bc6 Nxc6 40. dxc6 Qxc6+ 41. Kh2 Qd7 42. Qf4 Qe6 43. c4 Qe5 44. Qxe5 dxe5 45. Kg2 f6 46. Kf3 fxg5 47. Ke4 Kf7 48. Kxe5 g4 49. Kf4 g3 0-1

[Event "*** Titled Tuesday Blitz"]
[Site "Chess.com"]
[Date "2020.03.03"]
[Round "6"]
[White "pedroholly22"]
[Black "karinachess1"]
[Result "0-1"]
[WhiteElo "2320"]
[BlackElo "2517"]
[TimeControl "180+1"]
[EndTime "14:02:41 PST"]
[Termination "karinachess1 won by resignation"]

1. Nc3 d5 2. e4 d4 3. Nce2 e5 4.
d3 Bd6 5. f4 Ne7 6. f5 c5 7.
Nf3 Nbc6 8. g4 Bd7 9. Ng3 Qa5+ 10. Bd2 Qb6 11. Nh5 Rg8 12. f6 Ng6 13. Nxg7+ Kd8 14.
Nf5 Kc7 15. h3 Qxb2 16. Rb1 Qxa2 17. Be2 b6 18. Kf2 Qe6 19. h4 Qxf6 20. Bg5 Qe6 21. h5 Nge7 22. Bxe7 Bxe7 23. Rg1 Bg5 24. Nxg5 Rxg5 25.
Qd2 h6 26. c3 dxc3 27. Qxc3 Nd4 28. Ra1 Qc6 29. Ne3 Be6 30. Bd1 a5 31. Nf5 Bxf5 32.
exf5 e4 33. Rg3 exd3 34. Rxd3 Qd6 35. Rg3 Re8 36. Rc1 Qf4+ 37. Kg2 Ne2 38. Bxe2 Rxe2+ 39. Kh3 Qf2 40. Rh1 Rg8 41. Qf6 Rd8 42. Qxf7+ Rd7 43.
Qf6 Re3 44. Qh4 Rdd3 45. Rg1 Rxg3+ 46. Rxg3 Qf1+ 47. Kh2 Rd2+ 0-1